[ AOE2 MATCH · #482377006 ]
UnrankedBurgundians vs Vikings
[ REPLAY ANALYSIS · EXTRACTED FROM THE RECORDED GAME ]
Feudal
9:18
Castle
23:28
Imperial
—
| APM avg | 45.0 |
| APM peak | 86 |
| eAPM avg | 22.6 |
| Villagers / military | 154 / 106 |
Focus
⚔️ 39.3% · 🌾 60.7%
Knight ×89 · Scout Cavalry ×17
Feudal
9:02
Castle
21:15
Imperial
39:19
| APM avg | 52.7 |
| APM peak | 97 |
| eAPM avg | 23.6 |
| Villagers / military | 143 / 127 |
Focus
⚔️ 38.3% · 🌾 61.7%
Skirmisher ×62 · Knight ×54 · Scout Cavalry ×10 · Archer ×1
Feudal
9:53
Castle
22:48
Imperial
39:28
| APM avg | 60.4 |
| APM peak | 86 |
| eAPM avg | 34.1 |
| Villagers / military | 148 / 183 |
Focus
⚔️ 48.6% · 🌾 51.4%
Archer ×180 · Monk ×1 · Spearman ×1 · Trebuchet (Packed) ×1
Feudal
8:51
Castle
24:10
Imperial
40:56
| APM avg | 57.6 |
| APM peak | 97 |
| eAPM avg | 24.6 |
| Villagers / military | 139 / 168 |
Focus
⚔️ 40.7% · 🌾 59.3%
Archer ×168
Feudal
9:49
Castle
24:18
Imperial
38:17
| APM avg | 75.1 |
| APM peak | 115 |
| eAPM avg | 35.6 |
| Villagers / military | 159 / 124 |
Focus
⚔️ 44.9% · 🌾 55.1%
Cavalry Archer ×70 · Skirmisher ×38 · Militia ×9 · Trebuchet (Packed) ×5 · Knight ×1 · Mangonel ×1
Feudal
8:51
Castle
22:49
Imperial
—
| APM avg | 45.9 |
| APM peak | 76 |
| eAPM avg | 23.8 |
| Villagers / military | 154 / 65 |
Focus
⚔️ 39.6% · 🌾 60.4%
Archer ×61 · Unknown (2579) ×31 · Battering Ram ×2 · Spearman ×1 · Skirmisher ×1
Feudal
9:01
Castle
23:55
Imperial
41:12
| APM avg | 68.1 |
| APM peak | 107 |
| eAPM avg | 44.0 |
| Villagers / military | 144 / 160 |
Focus
⚔️ 66.1% · 🌾 33.9%
Knight ×121 · Scout Cavalry ×37 · Monk ×1 · Spearman ×1
Feudal
9:21
Castle
22:33
Imperial
40:05
| APM avg | 53.0 |
| APM peak | 93 |
| eAPM avg | 33.3 |
| Villagers / military | 224 / 114 |
Focus
⚔️ 36.4% · 🌾 63.6%
Elephant Archer ×65 · Skirmisher ×40 · Spearman ×8 · Militia ×1
Match map
Initial resources + every placement click. Lines = walls · curves = elevation contours. ◆ gold · ⬟ stone · ● berries · ✦ relic · ◌ wall gap
Your base· Open — 1t gap
Dragon's base· ✓ Closed at 21:15 · 35t walls · 1 gate(s)
[R1] Pume's base· ✓ Closed at 22:48 · 59t walls · 1 gate(s)
04py's base· ✓ Closed at 24:10 · 17t walls · 1 gate(s)
Oni.TaToH's base· ✓ Closed at 24:18 · 48t walls · no gate
GKT_Cloud's base· Open — 5t gap
[R1] PoXoLo's base· ✓ Closed at 23:55 · 54t walls · 1 gate(s)
[R1] 12Tirador's base· ✓ Closed at 22:33 · 69t walls · no gate
Smoothed initial terrain · ◌ = detected wall gap · hover for details
Inputs per minute
— kw - - Dragon
Build order — kw
First 150 of 424 actions detected
| 0:01 | Create | Villager (Male) |
| 0:02 | Build | House |
| 0:03 | Build | House |
| 0:05 | Create | Villager (Male) |
| 0:05 | Create | Villager (Male) |
| 0:05 | Create | Villager (Male) |
| 1:23 | Create | Villager (Male) |
| 1:23 | Create | Villager (Male) |
| 1:42 | Create | Villager (Male) |
| 2:13 | Build | Lumber Camp |
| 2:18 | Create | Villager (Male) |
| 2:44 | Create | Villager (Male) |
| 3:03 | Create | Villager (Male) |
| 3:22 | Create | Villager (Male) |
| 3:42 | Research | Double-Bit Axe |
| 3:42 | Research | Double-Bit Axe |
| 3:49 | Build | House |
| 4:03 | Create | Villager (Male) |
| 4:16 | Create | Villager (Male) |
| 4:45 | Build | Palisade Wall |
| 4:51 | Create | Villager (Male) |
| 5:08 | Create | Villager (Male) |
| 5:09 | Create | Villager (Male) |
| 5:52 | Create | Villager (Male) |
| 5:52 | Research | Loom |
| 6:02 | Build | Mill |
| 7:08 | Research | Feudal Age |
| 7:08 | Research | Feudal Age |
| 7:59 | Build | Barracks |
| 8:00 | Build | House |
| 8:31 | Research | Horse Collar |
| 8:32 | Research | Horse Collar |
| 8:59 | Create | Villager (Male) |
| 9:18 | Age | Feudal Age |
| 9:31 | Build | Stable |
| 9:42 | Create | Villager (Male) |
| 9:48 | Build | Farm |
| 9:49 | Build | Farm |
| 9:54 | Build | House |
| 10:05 | Build | Farm |
| 10:18 | Create | Villager (Male) |
| 10:24 | Create | Scout Cavalry |
| 10:40 | Create | Villager (Male) |
| 10:41 | Create | Scout Cavalry |
| 10:43 | Build | Mill |
| 10:47 | Build | Farm |
| 10:52 | Build | House |
| 10:59 | Build | Palisade Wall |
| 11:00 | Build | Palisade Wall |
| 11:05 | Create | Villager (Male) |
| 11:08 | Create | Scout Cavalry |
| 11:22 | Build | House |
| 11:24 | Create | Villager (Male) |
| 11:27 | Build | Farm |
| 11:41 | Create | Scout Cavalry |
| 11:46 | Create | Villager (Male) |
| 11:53 | Build | House |
| 11:59 | Build | Farm |
| 12:00 | Build | Farm |
| 12:02 | Create | Scout Cavalry |
| 12:18 | Create | Villager (Male) |
| 12:22 | Build | Farm |
| 12:26 | Build | House |
| 12:43 | Create | Villager (Male) |
| 12:47 | Build | Palisade Wall |
| 12:55 | Create | Scout Cavalry |
| 12:58 | Build | House |
| 13:03 | Build | Watch Tower |
| 13:15 | Build | House |
| 13:18 | Create | Scout Cavalry |
| 13:22 | Build | Farm |
| 13:23 | Build | Farm |
| 13:24 | Build | Farm |
| 13:27 | Build | House |
| 13:28 | Create | Villager (Male) |
| 13:42 | Build | Palisade Wall |
| 13:43 | Build | Palisade Wall |
| 13:48 | Create | Villager (Male) |
| 14:08 | Build | Farm |
| 14:14 | Create | Scout Cavalry |
| 14:26 | Build | Palisade Wall |
| 14:27 | Create | Villager (Male) |
| 14:31 | Create | Scout Cavalry |
| 14:48 | Create | Villager (Male) |
| 14:50 | Build | Farm |
| 15:14 | Create | Scout Cavalry |
| 15:20 | Create | Villager (Male) |
| 15:23 | Build | Farm |
| 15:25 | Build | Farm |
| 15:33 | Build | Blacksmith |
| 15:49 | Create | Scout Cavalry |
| 15:52 | Create | Villager (Male) |
| 15:56 | Build | Mining Camp |
| 16:08 | Create | Villager (Male) |
| 16:27 | Build | Farm |
| 16:28 | Create | Villager (Male) |
| 16:33 | Build | House |
| 16:34 | Build | Palisade Wall |
| 16:39 | Research | Scale Barding Armor |
| 16:40 | Create | Scout Cavalry |
| 16:56 | Build | Palisade Wall |
| 16:57 | Build | Palisade Wall |
| 17:04 | Create | Villager (Male) |
| 17:19 | Create | Scout Cavalry |
| 17:34 | Create | Villager (Male) |
| 17:52 | Create | Scout Cavalry |
| 18:02 | Create | Villager (Male) |
| 18:03 | Build | Farm |
| 18:05 | Build | Farm |
| 18:16 | Create | Villager (Male) |
| 18:20 | Build | Stable |
| 18:35 | Build | Farm |
| 18:42 | Create | Scout Cavalry |
| 18:51 | Create | Villager (Male) |
| 19:12 | Create | Scout Cavalry |
| 19:13 | Create | Villager (Male) |
| 19:19 | Create | Scout Cavalry |
| 19:41 | Build | Market |
| 19:48 | Create | Villager (Male) |
| 19:51 | Build | Farm |
| 20:13 | Create | Villager (Male) |
| 20:15 | Build | Farm |
| 20:48 | Research | Castle Age |
| 20:48 | Research | Castle Age |
| 20:55 | Build | Lumber Camp |
| 21:09 | Research | Bow Saw |
| 22:22 | Research | Gold Mining |
| 22:37 | Build | Farm |
| 22:55 | Build | Farm |
| 23:11 | Create | Villager (Male) |
| 23:28 | Age | Castle Age |
| 23:29 | Create | Knight |
| 23:29 | Create | Knight |
| 23:31 | Research | Two-Man Saw |
| 23:33 | Research | Chain Barding Armor |
| 23:34 | Research | Chain Barding Armor |
| 23:34 | Create | Villager (Male) |
| 23:41 | Build | Town Center |
| 23:46 | Research | Cavalier (upgrade) |
| 23:46 | Create | Knight |
| 23:51 | Research | Forging |
| 23:59 | Build | Farm |
| 24:01 | Create | Villager (Male) |
| 24:17 | Create | Knight |
| 24:27 | Research | Husbandry |
| 24:27 | Research | Husbandry |
| 24:29 | Create | Villager (Male) |
| 24:31 | Create | Knight |
| 24:41 | Create | Villager (Male) |
| 24:51 | Create | Knight |
Build order — Dragon
First 150 of 454 actions detected
| 0:00 | Create | Villager (Male) |
| 0:01 | Create | Villager (Male) |
| 0:01 | Create | Villager (Male) |
| 0:02 | Build | House |
| 0:03 | Build | House |
| 0:11 | Create | Villager (Male) |
| 1:31 | Create | Villager (Male) |
| 2:00 | Build | Lumber Camp |
| 2:01 | Create | Villager (Male) |
| 2:01 | Create | Villager (Male) |
| 2:19 | Create | Villager (Male) |
| 2:47 | Create | Villager (Male) |
| 3:08 | Create | Villager (Male) |
| 3:25 | Build | House |
| 3:30 | Build | House |
| 3:32 | Build | Palisade Wall |
| 3:36 | Create | Villager (Male) |
| 3:37 | Create | Villager (Male) |
| 3:51 | Create | Villager (Male) |
| 3:51 | Create | Villager (Male) |
| 4:17 | Create | Villager (Male) |
| 4:30 | Create | Villager (Male) |
| 4:44 | Build | Mill |
| 5:17 | Create | Villager (Male) |
| 5:17 | Create | Villager (Male) |
| 5:53 | Create | Villager (Male) |
| 6:52 | Research | Feudal Age |
| 6:52 | Research | Feudal Age |
| 7:49 | Build | Barracks |
| 7:53 | Create | Villager (Male) |
| 7:54 | Create | Villager (Male) |
| 8:15 | Build | House |
| 8:25 | Build | Farm |
| 8:59 | Research | Loom |
| 9:01 | Create | Villager (Male) |
| 9:02 | Age | Feudal Age |
| 9:06 | Build | Stable |
| 9:12 | Build | Farm |
| 9:33 | Create | Villager (Male) |
| 9:36 | Research | Double-Bit Axe |
| 9:55 | Create | Scout Cavalry |
| 9:55 | Create | Villager (Male) |
| 9:59 | Build | Farm |
| 10:01 | Build | Farm |
| 10:09 | Create | Scout Cavalry |
| 10:12 | Build | Farm |
| 10:23 | Create | Scout Cavalry |
| 10:30 | Build | Farm |
| 10:31 | Create | Villager (Male) |
| 10:54 | Create | Villager (Male) |
| 11:00 | Build | Farm |
| 11:02 | Build | Farm |
| 11:03 | Build | Farm |
| 11:18 | Create | Scout Cavalry |
| 11:32 | Create | Villager (Male) |
| 11:44 | Build | Farm |
| 11:47 | Build | Farm |
| 12:03 | Create | Scout Cavalry |
| 12:07 | Create | Villager (Male) |
| 12:09 | Build | Farm |
| 12:12 | Build | House |
| 12:40 | Create | Scout Cavalry |
| 12:48 | Build | Farm |
| 12:48 | Build | Farm |
| 13:00 | Create | Villager (Male) |
| 13:05 | Build | House |
| 13:06 | Build | House |
| 13:07 | Create | Scout Cavalry |
| 13:28 | Create | Villager (Male) |
| 13:30 | Build | Farm |
| 13:33 | Build | Mill |
| 13:34 | Create | Villager (Male) |
| 13:36 | Create | Scout Cavalry |
| 14:21 | Create | Scout Cavalry |
| 14:21 | Create | Villager (Male) |
| 14:24 | Build | House |
| 14:25 | Create | Scout Cavalry |
| 14:28 | Build | Farm |
| 14:31 | Build | Farm |
| 14:41 | Build | Palisade Wall |
| 14:50 | Build | Palisade Wall |
| 15:00 | Build | Palisade Wall |
| 15:01 | Create | Villager (Male) |
| 15:08 | Create | Villager (Male) |
| 15:23 | Create | Villager (Male) |
| 15:28 | Create | Villager (Male) |
| 15:32 | Create | Villager (Male) |
| 15:47 | Create | Villager (Male) |
| 16:05 | Build | Market |
| 16:05 | Create | Villager (Male) |
| 16:17 | Create | Villager (Male) |
| 16:23 | Build | Palisade Gate |
| 16:26 | Build | Farm |
| 16:28 | Build | Mining Camp |
| 16:46 | Build | House |
| 16:47 | Build | House |
| 16:48 | Build | House |
| 16:55 | Build | Farm |
| 16:56 | Build | Farm |
| 17:08 | Build | Palisade Wall |
| 17:17 | Build | Farm |
| 17:35 | Build | Palisade Wall |
| 18:35 | Research | Castle Age |
| 18:35 | Research | Castle Age |
| 19:02 | Research | Gold Mining |
| 19:03 | Research | Gold Mining |
| 19:08 | Build | Blacksmith |
| 19:44 | Research | Bloodlines |
| 19:45 | Create | Villager (Male) |
| 19:54 | Research | Scale Barding Armor |
| 19:54 | Research | Scale Barding Armor |
| 20:55 | Build | Stable |
| 21:08 | Research | Forging |
| 21:08 | Research | Forging |
| 21:14 | Research | Horse Collar |
| 21:15 | Age | Castle Age |
| 21:18 | Create | Knight |
| 21:19 | Create | Knight |
| 21:20 | Create | Villager (Male) |
| 21:50 | Create | Knight |
| 21:51 | Create | Villager (Male) |
| 21:52 | Create | Knight |
| 21:52 | Create | Knight |
| 21:54 | Create | Villager (Male) |
| 22:12 | Create | Knight |
| 22:13 | Create | Villager (Male) |
| 22:36 | Build | Town Center |
| 22:38 | Create | Knight |
| 22:45 | Research | Bow Saw |
| 22:47 | Build | House |
| 22:50 | Create | Knight |
| 23:05 | Create | Knight |
| 23:09 | Create | Villager (Male) |
| 23:19 | Create | Knight |
| 23:28 | Create | Villager (Male) |
| 23:31 | Build | Farm |
| 23:38 | Create | Villager (Male) |
| 23:50 | Build | Farm |
| 23:52 | Create | Knight |
| 24:00 | Create | Villager (Male) |
| 24:06 | Create | Knight |
| 24:22 | Create | Knight |
| 24:34 | Create | Knight |
| 24:34 | Create | Villager (Male) |
| 24:48 | Build | House |
| 24:49 | Build | Palisade Gate |
| 24:59 | Create | Knight |
| 24:59 | Create | Knight |
| 25:00 | Create | Knight |
| 25:18 | Create | Villager (Male) |
Build order — [R1] Pume
First 150 of 489 actions detected
| 0:01 | Create | Villager (Male) |
| 0:02 | Build | House |
| 0:03 | Create | Villager (Male) |
| 0:04 | Build | House |
| 0:05 | Create | Villager (Male) |
| 0:10 | Create | Villager (Male) |
| 1:26 | Create | Villager (Male) |
| 1:47 | Build | Lumber Camp |
| 2:02 | Create | Villager (Male) |
| 2:19 | Create | Villager (Male) |
| 2:56 | Create | Villager (Male) |
| 3:16 | Create | Villager (Male) |
| 3:32 | Create | Villager (Male) |
| 4:03 | Research | Loom |
| 4:06 | Build | Palisade Wall |
| 4:07 | Create | Villager (Male) |
| 4:08 | Create | Villager (Male) |
| 4:11 | Build | Palisade Wall |
| 4:14 | Create | Villager (Male) |
| 4:41 | Create | Villager (Male) |
| 4:50 | Build | House |
| 6:33 | Create | Villager (Male) |
| 7:02 | Create | Villager (Male) |
| 7:18 | Build | Mining Camp |
| 7:34 | Create | Villager (Male) |
| 7:43 | Research | Feudal Age |
| 7:44 | Research | Feudal Age |
| 8:05 | Build | Mill |
| 9:11 | Build | Barracks |
| 9:27 | Create | Villager (Male) |
| 9:36 | Build | Palisade Wall |
| 9:38 | Build | Palisade Wall |
| 9:50 | Create | Villager (Male) |
| 9:53 | Build | House |
| 9:53 | Age | Feudal Age |
| 9:56 | Build | Archery Range |
| 10:11 | Build | Archery Range |
| 10:19 | Create | Villager (Male) |
| 10:28 | Create | Villager (Male) |
| 10:44 | Create | Villager (Male) |
| 10:47 | Create | Archer |
| 10:55 | Create | Villager (Male) |
| 10:55 | Create | Archer |
| 10:57 | Build | House |
| 11:02 | Create | Archer |
| 11:02 | Create | Archer |
| 11:09 | Build | House |
| 11:11 | Create | Archer |
| 11:16 | Create | Spearman |
| 11:29 | Create | Villager (Male) |
| 11:36 | Create | Villager (Male) |
| 11:45 | Create | Villager (Male) |
| 11:47 | Build | Farm |
| 11:48 | Build | Farm |
| 11:59 | Create | Archer |
| 12:00 | Create | Archer |
| 12:17 | Build | Blacksmith |
| 12:20 | Build | House |
| 12:22 | Build | Palisade Wall |
| 12:49 | Create | Villager (Male) |
| 12:50 | Create | Villager (Male) |
| 12:51 | Create | Archer |
| 13:04 | Create | Villager (Male) |
| 13:20 | Create | Villager (Male) |
| 13:25 | Build | House |
| 13:27 | Build | House |
| 13:28 | Build | Palisade Wall |
| 13:29 | Build | Palisade Wall |
| 13:32 | Build | Palisade Wall |
| 13:36 | Build | Palisade Wall |
| 13:37 | Build | Palisade Wall |
| 13:38 | Build | Palisade Wall |
| 13:42 | Build | Palisade Wall |
| 13:56 | Research | Fletching |
| 13:57 | Create | Villager (Male) |
| 13:57 | Create | Villager (Male) |
| 14:15 | Create | Villager (Male) |
| 14:19 | Build | House |
| 14:19 | Build | Palisade Wall |
| 14:36 | Create | Villager (Male) |
| 14:52 | Build | Palisade Wall |
| 14:53 | Build | Palisade Wall |
| 14:53 | Build | Palisade Wall |
| 14:59 | Create | Villager (Male) |
| 15:01 | Build | Farm |
| 15:02 | Build | Farm |
| 15:05 | Build | Farm |
| 15:07 | Build | Farm |
| 15:11 | Create | Archer |
| 15:12 | Create | Archer |
| 15:27 | Create | Villager (Male) |
| 15:36 | Create | Villager (Male) |
| 15:47 | Create | Archer |
| 15:47 | Create | Villager (Male) |
| 15:49 | Create | Archer |
| 15:50 | Create | Archer |
| 15:50 | Create | Villager (Male) |
| 16:04 | Create | Villager (Male) |
| 16:09 | Create | Villager (Male) |
| 16:11 | Build | Farm |
| 16:22 | Create | Villager (Male) |
| 16:23 | Create | Archer |
| 16:24 | Create | Archer |
| 16:31 | Build | Farm |
| 16:31 | Create | Villager (Male) |
| 16:33 | Build | Farm |
| 16:33 | Create | Archer |
| 16:34 | Create | Archer |
| 16:48 | Research | Double-Bit Axe |
| 16:48 | Research | Double-Bit Axe |
| 16:57 | Create | Archer |
| 17:00 | Create | Archer |
| 17:12 | Build | Palisade Wall |
| 17:16 | Build | Palisade Wall |
| 17:16 | Create | Villager (Male) |
| 17:20 | Create | Villager (Male) |
| 17:26 | Build | Palisade Wall |
| 17:27 | Build | Palisade Wall |
| 17:29 | Create | Archer |
| 17:29 | Create | Archer |
| 17:30 | Create | Villager (Male) |
| 17:33 | Build | Farm |
| 17:38 | Create | Archer |
| 17:38 | Create | Archer |
| 17:52 | Create | Archer |
| 17:59 | Research | Town Watch |
| 18:12 | Create | Archer |
| 18:12 | Create | Archer |
| 18:26 | Create | Villager (Male) |
| 18:42 | Create | Villager (Male) |
| 18:46 | Build | Market |
| 18:46 | Create | Villager (Male) |
| 19:09 | Create | Archer |
| 19:09 | Create | Archer |
| 19:12 | Create | Villager (Male) |
| 19:15 | Build | House |
| 19:18 | Create | Villager (Male) |
| 19:22 | Build | Palisade Gate |
| 19:23 | Build | Palisade Wall |
| 19:47 | Build | Mining Camp |
| 20:08 | Research | Castle Age |
| 20:08 | Research | Castle Age |
| 20:11 | Create | Villager (Male) |
| 20:14 | Build | Palisade Wall |
| 20:26 | Build | Farm |
| 20:37 | Research | Horse Collar |
| 20:38 | Build | Farm |
| 20:47 | Create | Archer |
| 20:48 | Create | Archer |
| 21:05 | Create | Villager (Male) |
Build order — 04py
First 150 of 453 actions detected
| 0:00 | Create | Villager (Male) |
| 0:01 | Create | Villager (Male) |
| 0:02 | Build | House |
| 0:03 | Build | House |
| 0:09 | Create | Villager (Male) |
| 0:09 | Create | Villager (Male) |
| 1:30 | Create | Villager (Male) |
| 2:02 | Create | Villager (Male) |
| 2:02 | Create | Villager (Male) |
| 2:17 | Build | Lumber Camp |
| 2:30 | Create | Villager (Male) |
| 2:30 | Create | Villager (Male) |
| 3:16 | Create | Villager (Male) |
| 3:16 | Create | Villager (Male) |
| 3:35 | Create | Villager (Male) |
| 3:35 | Create | Villager (Male) |
| 3:55 | Build | House |
| 4:27 | Create | Villager (Male) |
| 4:27 | Create | Villager (Male) |
| 4:31 | Build | Mill |
| 4:33 | Create | Villager (Male) |
| 4:34 | Create | Villager (Male) |
| 5:33 | Create | Villager (Male) |
| 5:38 | Research | Loom |
| 6:18 | Build | Mining Camp |
| 6:41 | Research | Feudal Age |
| 7:38 | Build | Barracks |
| 8:07 | Create | Villager (Male) |
| 8:25 | Build | House |
| 8:51 | Age | Feudal Age |
| 8:58 | Create | Villager (Male) |
| 8:59 | Build | Archery Range |
| 9:29 | Build | Archery Range |
| 9:33 | Create | Villager (Male) |
| 9:46 | Create | Archer |
| 9:52 | Build | House |
| 10:08 | Create | Villager (Male) |
| 10:22 | Create | Archer |
| 10:25 | Create | Villager (Male) |
| 10:44 | Create | Archer |
| 10:45 | Create | Villager (Male) |
| 10:49 | Build | House |
| 10:52 | Create | Villager (Male) |
| 10:58 | Build | House |
| 11:03 | Create | Archer |
| 11:03 | Create | Archer |
| 11:09 | Build | Blacksmith |
| 11:16 | Create | Archer |
| 11:16 | Create | Archer |
| 11:38 | Create | Archer |
| 11:40 | Create | Villager (Male) |
| 11:42 | Build | House |
| 11:43 | Create | Villager (Male) |
| 11:44 | Build | Mill |
| 11:57 | Create | Archer |
| 11:57 | Create | Archer |
| 11:58 | Create | Villager (Male) |
| 12:04 | Build | House |
| 12:07 | Create | Archer |
| 12:08 | Create | Villager (Male) |
| 12:11 | Build | House |
| 12:25 | Research | Fletching |
| 12:25 | Research | Fletching |
| 12:28 | Create | Villager (Male) |
| 12:31 | Build | House |
| 12:40 | Create | Villager (Male) |
| 12:41 | Create | Archer |
| 12:41 | Create | Archer |
| 12:43 | Build | House |
| 13:07 | Create | Archer |
| 13:07 | Create | Archer |
| 13:08 | Create | Villager (Male) |
| 13:18 | Create | Villager (Male) |
| 13:28 | Build | Palisade Wall |
| 13:30 | Create | Archer |
| 13:35 | Build | Farm |
| 13:37 | Build | Farm |
| 13:44 | Create | Villager (Male) |
| 13:48 | Build | Palisade Wall |
| 13:54 | Create | Archer |
| 13:54 | Create | Archer |
| 14:03 | Build | Palisade Wall |
| 14:07 | Create | Archer |
| 14:07 | Create | Archer |
| 14:09 | Create | Villager (Male) |
| 14:15 | Build | Farm |
| 14:19 | Build | Palisade Wall |
| 14:24 | Build | Palisade Wall |
| 14:28 | Create | Archer |
| 14:56 | Create | Archer |
| 14:56 | Create | Archer |
| 14:59 | Create | Villager (Male) |
| 15:08 | Build | House |
| 15:11 | Create | Villager (Male) |
| 15:12 | Create | Archer |
| 15:12 | Create | Archer |
| 15:30 | Create | Archer |
| 15:31 | Create | Archer |
| 15:34 | Build | House |
| 15:42 | Build | Farm |
| 15:54 | Create | Archer |
| 15:54 | Create | Archer |
| 16:04 | Create | Villager (Male) |
| 16:06 | Build | Farm |
| 16:06 | Build | Farm |
| 16:15 | Create | Villager (Male) |
| 16:26 | Build | Lumber Camp |
| 16:30 | Create | Archer |
| 16:31 | Create | Archer |
| 16:32 | Create | Villager (Male) |
| 16:40 | Build | Palisade Gate |
| 16:42 | Create | Archer |
| 16:43 | Create | Archer |
| 16:49 | Build | Farm |
| 16:53 | Create | Villager (Male) |
| 17:03 | Create | Archer |
| 17:18 | Research | Double-Bit Axe |
| 17:23 | Create | Villager (Male) |
| 17:24 | Build | Farm |
| 17:31 | Create | Archer |
| 17:31 | Create | Archer |
| 17:37 | Create | Villager (Male) |
| 17:38 | Create | Archer |
| 17:38 | Create | Archer |
| 17:52 | Create | Villager (Male) |
| 17:55 | Build | Farm |
| 17:56 | Build | Farm |
| 18:01 | Create | Villager (Male) |
| 18:04 | Build | Farm |
| 18:07 | Create | Archer |
| 18:07 | Create | Archer |
| 18:17 | Build | House |
| 18:20 | Create | Villager (Male) |
| 18:23 | Build | House |
| 18:27 | Create | Villager (Male) |
| 18:31 | Build | House |
| 18:36 | Create | Archer |
| 18:36 | Create | Archer |
| 18:52 | Create | Archer |
| 19:00 | Research | Padded Archer Armor |
| 19:04 | Create | Villager (Male) |
| 19:05 | Build | Farm |
| 19:06 | Build | Farm |
| 19:10 | Create | Archer |
| 19:34 | Create | Archer |
| 19:46 | Create | Villager (Male) |
| 19:48 | Build | House |
| 19:49 | Build | House |
| 19:57 | Create | Archer |
| 20:10 | Create | Archer |
Build order — Oni.TaToH
First 150 of 432 actions detected
| 0:01 | Create | Villager (Male) ×4 |
| 0:01 | Create | Villager (Male) ×4 |
| 0:02 | Build | House |
| 0:02 | Build | House |
| 1:27 | Create | Villager (Male) |
| 1:27 | Create | Villager (Male) |
| 2:02 | Create | Villager (Male) |
| 2:02 | Create | Villager (Male) |
| 2:05 | Create | Villager (Male) |
| 2:35 | Create | Villager (Male) |
| 2:35 | Create | Villager (Male) |
| 2:57 | Create | Villager (Male) |
| 2:57 | Create | Villager (Male) |
| 3:04 | Build | Lumber Camp |
| 3:29 | Create | Villager (Male) |
| 3:48 | Create | Villager (Male) |
| 4:09 | Build | House |
| 4:20 | Create | Villager (Male) |
| 4:40 | Create | Villager (Male) |
| 5:11 | Create | Villager (Male) |
| 5:13 | Build | Barracks |
| 5:51 | Create | Villager (Male) |
| 6:00 | Build | House |
| 6:12 | Create | Villager (Male) |
| 6:21 | Build | Mill |
| 6:40 | Create | Villager (Male) |
| 6:59 | Research | Loom |
| 7:39 | Research | Feudal Age |
| 8:02 | Build | Mining Camp |
| 8:03 | Create | Militia |
| 8:04 | Create | Militia |
| 8:20 | Build | Mill |
| 8:22 | Create | Militia |
| 8:22 | Create | Militia |
| 8:37 | Build | House |
| 9:06 | Create | Militia |
| 9:18 | Build | Farm |
| 9:49 | Age | Feudal Age |
| 9:51 | Create | Villager (Male) |
| 9:54 | Research | Man-at-Arms (upgrade) |
| 9:58 | Create | Villager (Male) |
| 10:00 | Build | Farm |
| 10:00 | Build | Farm |
| 10:13 | Build | Farm |
| 10:18 | Create | Villager (Male) |
| 10:22 | Build | House |
| 10:25 | Research | Town Watch |
| 10:29 | Create | Militia |
| 11:02 | Create | Militia |
| 11:07 | Create | Villager (Male) |
| 11:13 | Create | Villager (Male) |
| 11:14 | Build | House |
| 11:16 | Create | Militia |
| 11:33 | Create | Villager (Male) |
| 11:34 | Build | Farm |
| 11:51 | Create | Militia |
| 11:51 | Create | Villager (Male) |
| 11:53 | Build | House |
| 12:01 | Build | Farm |
| 12:12 | Research | Double-Bit Axe |
| 12:25 | Build | House |
| 12:27 | Build | Farm |
| 12:31 | Create | Villager (Male) |
| 12:38 | Create | Villager (Male) |
| 12:42 | Build | Farm |
| 12:57 | Build | Farm |
| 13:00 | Research | Arson |
| 13:01 | Research | Arson |
| 13:10 | Create | Villager (Male) |
| 13:13 | Build | Farm |
| 13:34 | Build | House |
| 13:41 | Create | Villager (Male) |
| 13:45 | Build | Palisade Wall |
| 13:49 | Create | Villager (Male) |
| 13:53 | Build | Palisade Wall |
| 13:56 | Build | Palisade Wall |
| 14:19 | Create | Villager (Male) |
| 14:48 | Create | Villager (Male) |
| 14:57 | Build | Palisade Wall |
| 15:00 | Build | Palisade Wall |
| 15:04 | Build | Market |
| 15:13 | Create | Villager (Male) |
| 15:30 | Build | Farm |
| 15:31 | Research | Horse Collar |
| 15:37 | Build | House |
| 15:40 | Build | House |
| 15:46 | Create | Villager (Male) |
| 16:06 | Build | House |
| 16:07 | Build | House |
| 16:10 | Create | Villager (Male) |
| 16:42 | Create | Villager (Male) |
| 16:50 | Build | Archery Range |
| 16:59 | Create | Villager (Male) |
| 17:23 | Create | Skirmisher |
| 17:26 | Build | Blacksmith |
| 17:27 | Create | Villager (Male) |
| 17:31 | Create | Skirmisher |
| 17:50 | Create | Villager (Male) |
| 17:52 | Build | Farm |
| 17:57 | Research | Fletching |
| 17:57 | Research | Fletching |
| 18:01 | Build | Farm |
| 18:02 | Research | Wheelbarrow |
| 18:04 | Create | Skirmisher |
| 18:10 | Create | Villager (Male) |
| 18:22 | Create | Skirmisher |
| 18:38 | Build | House |
| 18:40 | Create | Skirmisher |
| 18:46 | Build | Farm |
| 18:47 | Build | Farm |
| 18:48 | Build | Farm |
| 19:01 | Build | House |
| 19:04 | Build | House |
| 19:05 | Build | House |
| 19:11 | Create | Villager (Male) |
| 19:24 | Create | Skirmisher |
| 19:44 | Research | Padded Archer Armor |
| 19:46 | Create | Skirmisher |
| 19:55 | Create | Villager (Male) |
| 19:56 | Build | Farm |
| 20:02 | Create | Villager (Male) |
| 20:04 | Build | House |
| 20:07 | Build | Lumber Camp |
| 20:14 | Build | Lumber Camp |
| 20:46 | Create | Villager (Male) |
| 20:48 | Build | Farm |
| 20:49 | Build | Farm |
| 21:12 | Create | Villager (Male) |
| 21:14 | Build | Farm |
| 21:36 | Build | Archery Range |
| 21:38 | Research | Castle Age |
| 21:38 | Research | Castle Age |
| 21:52 | Build | Palisade Wall |
| 22:05 | Research | Gold Mining |
| 22:05 | Research | Gold Mining |
| 22:34 | Build | Archery Range |
| 22:56 | Build | Stable |
| 23:30 | Create | Villager (Male) |
| 23:42 | Research | Bloodlines |
| 24:18 | Age | Castle Age |
| 24:20 | Research | Bodkin Arrow |
| 24:21 | Research | Bodkin Arrow |
| 24:22 | Research | Elite Skirmisher (upgrade) |
| 24:22 | Research | Elite Skirmisher (upgrade) |
| 24:25 | Build | Town Center |
| 24:26 | Create | Cavalry Archer |
| 24:27 | Create | Cavalry Archer |
| 24:27 | Create | Cavalry Archer |
| 24:31 | Create | Villager (Male) |
| 24:31 | Create | Villager (Male) |
Build order — GKT_Cloud
First 150 of 258 actions detected
| 0:00 | Create | Villager (Male) |
| 0:02 | Build | House |
| 0:03 | Build | House |
| 0:20 | Create | Villager (Male) |
| 0:32 | Create | Villager (Male) |
| 0:33 | Create | Villager (Male) |
| 1:14 | Create | Villager (Male) |
| 1:15 | Create | Villager (Male) |
| 1:46 | Create | Villager (Male) |
| 1:59 | Create | Villager (Male) |
| 2:28 | Create | Villager (Male) |
| 2:28 | Create | Villager (Male) |
| 2:43 | Build | Settlement |
| 2:48 | Create | Villager (Male) |
| 3:04 | Create | Villager (Male) |
| 3:04 | Create | Villager (Male) |
| 3:28 | Create | Villager (Male) |
| 3:29 | Create | Villager (Male) |
| 4:18 | Create | Villager (Male) |
| 5:01 | Create | Villager (Male) |
| 5:22 | Create | Villager (Male) |
| 5:35 | Create | Villager (Male) |
| 5:36 | Research | Loom |
| 6:19 | Research | Feudal Age |
| 7:21 | Build | Settlement |
| 7:45 | Build | Barracks |
| 8:13 | Create | Villager (Male) |
| 8:17 | Build | House |
| 8:51 | Age | Feudal Age |
| 8:56 | Create | Spearman |
| 8:58 | Build | Archery Range |
| 9:12 | Create | Villager (Male) ×3 |
| 9:24 | Build | Palisade Wall |
| 9:45 | Create | Archer |
| 10:07 | Create | Skirmisher |
| 10:11 | Build | Watch Tower |
| 10:32 | Create | Archer |
| 11:01 | Create | Archer ×4 |
| 11:02 | Create | Villager (Male) |
| 11:05 | Build | Farm |
| 11:06 | Build | Farm |
| 11:56 | Create | Villager (Male) |
| 12:06 | Build | Blacksmith |
| 12:44 | Create | Archer |
| 12:46 | Build | Palisade Wall |
| 12:50 | Build | House |
| 12:54 | Build | House |
| 12:58 | Research | Fletching |
| 12:59 | Create | Villager (Male) ×2 |
| 13:04 | Create | Archer |
| 13:29 | Create | Villager (Male) |
| 13:31 | Build | House |
| 13:35 | Build | Palisade Gate |
| 13:45 | Create | Archer |
| 13:55 | Create | Villager (Male) |
| 14:33 | Create | Villager (Male) |
| 14:35 | Build | Archery Range |
| 14:48 | Build | Farm |
| 14:55 | Create | Villager (Male) |
| 15:09 | Create | Archer |
| 15:17 | Create | Villager (Male) |
| 15:17 | Create | Villager (Male) |
| 15:19 | Build | Farm |
| 15:30 | Create | Archer |
| 15:34 | Build | Farm |
| 15:59 | Create | Archer |
| 16:00 | Create | Villager (Male) |
| 16:02 | Build | Farm |
| 16:04 | Create | Archer ×2 |
| 16:04 | Create | Archer ×2 |
| 16:14 | Create | Villager (Male) |
| 16:28 | Create | Villager (Male) |
| 16:42 | Create | Archer |
| 16:49 | Build | Settlement |
| 16:52 | Create | Villager (Male) |
| 16:59 | Create | Archer |
| 17:17 | Create | Villager (Male) |
| 17:19 | Build | Farm |
| 17:32 | Create | Archer |
| 17:35 | Build | House |
| 17:37 | Build | House |
| 17:38 | Build | House |
| 17:39 | Build | House |
| 17:45 | Create | Villager (Male) |
| 17:51 | Build | Palisade Wall |
| 17:59 | Create | Villager (Male) |
| 18:02 | Create | Archer |
| 18:34 | Create | Villager (Male) ×4 |
| 19:01 | Create | Villager (Male) ×3 |
| 19:04 | Build | Market |
| 19:36 | Build | Farm |
| 19:44 | Create | Villager (Male) |
| 20:03 | Research | Castle Age |
| 20:03 | Research | Castle Age |
| 20:05 | Create | Archer |
| 20:05 | Create | Archer |
| 20:26 | Research | Padded Archer Armor |
| 20:27 | Research | Padded Archer Armor |
| 20:28 | Research | Double-Bit Axe |
| 20:29 | Research | Double-Bit Axe |
| 20:41 | Build | Farm |
| 20:43 | Build | Farm |
| 20:53 | Research | Gold Mining |
| 20:54 | Research | Gold Mining |
| 21:06 | Research | Horse Collar |
| 21:07 | Research | Horse Collar |
| 21:59 | Build | Farm |
| 22:01 | Build | Settlement |
| 22:11 | Create | Archer ×3 |
| 22:49 | Age | Castle Age |
| 22:50 | Research | Crossbowman (upgrade) |
| 22:50 | Research | Crossbowman (upgrade) |
| 22:52 | Research | Bodkin Arrow |
| 22:52 | Create | Villager (Male) |
| 22:56 | Build | University |
| 22:57 | Build | House |
| 22:58 | Build | House |
| 23:06 | Create | Archer |
| 23:09 | Create | Villager (Male) |
| 23:16 | Create | Archer |
| 23:16 | Create | Archer |
| 23:26 | Build | Farm |
| 23:34 | Create | Villager (Male) |
| 23:41 | Research | Bow Saw |
| 23:41 | Research | Bow Saw |
| 24:07 | Create | Villager (Male) |
| 24:45 | Create | Villager (Male) |
| 24:51 | Create | Archer ×5 |
| 24:57 | Build | Farm |
| 24:58 | Create | Villager (Male) ×3 |
| 25:39 | Research | Ballistics |
| 25:40 | Research | Ballistics |
| 25:47 | Create | Villager (Male) ×3 |
| 26:04 | Build | House |
| 26:29 | Create | Villager (Male) ×2 |
| 26:31 | Create | Archer |
| 26:41 | Build | Palisade Wall |
| 26:56 | Build | Town Center |
| 27:05 | Build | Farm |
| 27:09 | Create | Archer |
| 27:17 | Research | Wheelbarrow |
| 27:22 | Create | Archer ×5 |
| 27:34 | Build | House |
| 27:36 | Build | House |
| 27:40 | Create | Villager (Male) ×3 |
| 27:41 | Create | Villager (Male) ×3 |
| 28:07 | Create | Villager (Male) |
| 28:07 | Create | Villager (Male) |
| 28:19 | Create | Archer |
| 28:20 | Create | Archer |
Build order — [R1] PoXoLo
First 150 of 473 actions detected
| 0:00 | Create | Villager (Male) |
| 0:05 | Create | Villager (Male) ×3 |
| 1:19 | Create | Villager (Male) |
| 1:19 | Create | Villager (Male) |
| 1:41 | Create | Villager (Male) |
| 1:47 | Build | Lumber Camp |
| 2:14 | Create | Villager (Male) |
| 2:37 | Create | Villager (Male) |
| 2:37 | Create | Villager (Male) |
| 2:59 | Create | Villager (Male) |
| 2:59 | Create | Villager (Male) |
| 3:12 | Create | Villager (Male) |
| 3:13 | Create | Villager (Male) |
| 3:31 | Create | Villager (Male) |
| 3:45 | Create | Villager (Male) |
| 4:05 | Create | Villager (Male) |
| 4:31 | Create | Villager (Male) |
| 4:31 | Create | Villager (Male) |
| 4:41 | Build | Mill |
| 4:54 | Create | Villager (Male) |
| 4:55 | Create | Villager (Male) |
| 5:17 | Research | Loom |
| 5:27 | Create | Villager (Male) |
| 6:51 | Research | Feudal Age |
| 6:51 | Research | Feudal Age |
| 7:19 | Build | Barracks |
| 7:33 | Create | Villager (Male) |
| 8:21 | Create | Villager (Male) |
| 9:01 | Age | Feudal Age |
| 9:04 | Build | Stable |
| 9:08 | Research | Double-Bit Axe |
| 9:27 | Create | Villager (Male) |
| 9:28 | Research | Horse Collar |
| 9:32 | Create | Villager (Male) |
| 9:41 | Create | Scout Cavalry |
| 9:42 | Create | Scout Cavalry |
| 9:47 | Create | Villager (Male) |
| 9:48 | Build | Farm |
| 9:55 | Create | Villager (Male) |
| 10:05 | Create | Scout Cavalry |
| 10:13 | Build | Farm |
| 10:23 | Create | Scout Cavalry |
| 10:28 | Build | Farm |
| 10:29 | Create | Villager (Male) |
| 10:47 | Build | Farm |
| 10:53 | Create | Villager (Male) |
| 11:03 | Build | Farm |
| 11:05 | Create | Scout Cavalry |
| 11:24 | Build | Farm |
| 11:29 | Create | Villager (Male) |
| 11:38 | Build | Palisade Wall |
| 11:39 | Build | Palisade Wall |
| 11:40 | Build | Palisade Wall |
| 11:49 | Create | Villager (Male) |
| 11:58 | Build | Farm |
| 11:58 | Build | Farm |
| 11:59 | Build | Farm |
| 12:06 | Create | Villager (Male) |
| 12:09 | Create | Scout Cavalry |
| 12:09 | Create | Scout Cavalry |
| 12:16 | Build | Farm |
| 12:17 | Create | Villager (Male) |
| 12:27 | Build | Farm |
| 12:28 | Create | Villager (Male) |
| 12:41 | Create | Scout Cavalry |
| 12:45 | Build | Farm |
| 13:03 | Create | Villager (Male) |
| 13:14 | Create | Scout Cavalry |
| 13:16 | Build | Farm |
| 13:21 | Create | Spearman |
| 13:39 | Create | Villager (Male) |
| 13:42 | Build | Farm |
| 13:43 | Create | Villager (Male) |
| 13:54 | Create | Scout Cavalry |
| 13:58 | Build | Palisade Wall |
| 14:15 | Create | Villager (Male) |
| 14:21 | Build | Blacksmith |
| 14:30 | Create | Scout Cavalry |
| 14:32 | Create | Villager (Male) |
| 14:43 | Create | Villager (Male) |
| 14:44 | Build | Farm |
| 14:52 | Build | Palisade Wall |
| 14:53 | Build | Palisade Wall |
| 15:10 | Create | Villager (Male) |
| 15:18 | Create | Scout Cavalry |
| 15:21 | Create | Scout Cavalry |
| 15:27 | Create | Villager (Male) |
| 15:32 | Build | Farm |
| 15:33 | Build | Farm |
| 15:33 | Build | Farm |
| 15:33 | Build | Farm |
| 15:33 | Build | Farm |
| 15:34 | Build | Farm |
| 15:35 | Create | Villager (Male) |
| 15:37 | Create | Villager (Male) |
| 15:42 | Research | Wheelbarrow |
| 15:42 | Research | Wheelbarrow |
| 15:59 | Create | Scout Cavalry |
| 15:59 | Create | Villager (Male) |
| 16:06 | Research | Scale Barding Armor |
| 16:06 | Research | Scale Barding Armor |
| 16:10 | Build | Mining Camp |
| 16:16 | Build | Palisade Wall |
| 16:22 | Build | Palisade Wall |
| 16:28 | Create | Scout Cavalry |
| 16:29 | Create | Villager (Male) |
| 16:35 | Build | Palisade Gate |
| 16:39 | Build | Palisade Wall |
| 16:44 | Create | Scout Cavalry |
| 16:47 | Research | Forging |
| 16:47 | Research | Forging |
| 16:58 | Create | Villager (Male) |
| 17:22 | Create | Villager (Male) |
| 17:26 | Build | Lumber Camp |
| 17:31 | Create | Scout Cavalry |
| 17:38 | Build | Farm |
| 17:39 | Create | Villager (Male) |
| 17:41 | Build | Palisade Wall |
| 17:59 | Create | Villager (Male) |
| 18:02 | Create | Scout Cavalry |
| 18:12 | Research | Bloodlines |
| 18:12 | Research | Bloodlines |
| 18:20 | Build | Palisade Wall |
| 18:34 | Create | Scout Cavalry |
| 18:34 | Create | Villager (Male) |
| 18:39 | Build | Market |
| 18:41 | Build | Palisade Wall |
| 18:49 | Create | Scout Cavalry |
| 18:51 | Create | Villager (Male) |
| 18:58 | Create | Scout Cavalry |
| 19:06 | Create | Villager (Male) |
| 19:12 | Create | Villager (Male) |
| 19:16 | Build | Lumber Camp |
| 19:23 | Create | Scout Cavalry |
| 19:35 | Create | Scout Cavalry |
| 19:38 | Research | Town Watch |
| 19:40 | Create | Villager (Male) |
| 20:01 | Build | Palisade Wall |
| 20:02 | Build | Palisade Wall |
| 20:04 | Build | Farm |
| 20:05 | Build | Farm |
| 20:16 | Build | Stable |
| 20:26 | Build | Farm |
| 20:33 | Create | Villager (Male) |
| 21:15 | Research | Castle Age |
| 21:16 | Research | Castle Age |
| 21:20 | Create | Villager (Male) |
| 21:24 | Build | Mining Camp |
| 21:29 | Research | Gold Mining |
| 21:29 | Research | Gold Mining |
Build order — [R1] 12Tirador
First 150 of 534 actions detected
| 0:00 | Create | Villager (Male) |
| 0:00 | Create | Villager (Male) |
| 0:01 | Create | Villager (Male) |
| 0:01 | Create | Villager (Male) |
| 0:02 | Build | House |
| 0:04 | Build | House |
| 1:22 | Build | House |
| 1:29 | Create | Villager (Male) |
| 1:37 | Build | Lumber Camp |
| 1:57 | Create | Villager (Male) |
| 2:22 | Create | Villager (Male) |
| 2:22 | Create | Villager (Male) |
| 2:45 | Create | Villager (Male) |
| 3:09 | Build | House |
| 3:18 | Create | Villager (Male) |
| 3:18 | Create | Villager (Male) |
| 3:34 | Create | Villager (Male) |
| 3:59 | Create | Villager (Male) |
| 4:06 | Build | Mill |
| 4:32 | Create | Villager (Male) |
| 4:34 | Create | Villager (Male) |
| 5:26 | Create | Villager (Male) |
| 5:45 | Create | Villager (Male) |
| 5:45 | Research | Loom |
| 7:11 | Research | Feudal Age |
| 7:49 | Build | Mill |
| 7:55 | Build | Barracks |
| 8:10 | Create | Villager (Male) |
| 8:14 | Build | House |
| 9:11 | Create | Villager (Male) |
| 9:21 | Age | Feudal Age |
| 9:23 | Create | Villager (Male) |
| 9:26 | Build | Archery Range |
| 9:30 | Create | Villager (Male) |
| 9:34 | Create | Villager (Male) |
| 9:38 | Create | Spearman |
| 9:47 | Build | Watch Tower |
| 9:50 | Create | Spearman |
| 10:12 | Build | Watch Tower |
| 10:15 | Create | Villager (Male) |
| 10:18 | Build | House |
| 10:29 | Create | Skirmisher |
| 10:30 | Create | Villager (Male) |
| 10:32 | Build | House |
| 10:40 | Create | Villager (Male) |
| 10:46 | Create | Skirmisher |
| 11:01 | Create | Skirmisher |
| 11:08 | Create | Skirmisher |
| 11:11 | Create | Spearman ×2 |
| 11:16 | Create | Skirmisher |
| 11:27 | Create | Villager (Male) |
| 11:42 | Build | House |
| 11:45 | Create | Skirmisher |
| 11:53 | Build | Farm |
| 11:54 | Build | Farm |
| 11:54 | Build | Farm |
| 11:55 | Create | Villager (Male) |
| 11:55 | Create | Villager (Male) |
| 12:06 | Create | Skirmisher |
| 12:06 | Create | Spearman |
| 12:12 | Create | Skirmisher |
| 12:16 | Create | Villager (Male) |
| 12:45 | Create | Villager (Male) |
| 12:54 | Build | Lumber Camp |
| 12:55 | Create | Villager (Male) |
| 12:57 | Build | Farm |
| 12:58 | Build | Farm |
| 13:09 | Create | Militia |
| 13:11 | Create | Spearman |
| 13:20 | Create | Villager (Male) |
| 13:21 | Create | Villager (Male) |
| 13:27 | Build | Farm |
| 13:28 | Build | Farm |
| 13:33 | Create | Villager (Male) |
| 13:40 | Create | Skirmisher |
| 13:41 | Create | Skirmisher |
| 13:45 | Create | Villager (Male) |
| 13:52 | Build | Farm |
| 13:54 | Create | Villager (Male) |
| 13:56 | Create | Villager (Male) |
| 14:11 | Build | Palisade Wall |
| 14:11 | Build | Palisade Wall |
| 14:19 | Create | Villager (Male) |
| 14:30 | Build | Farm |
| 14:45 | Create | Villager (Male) |
| 14:46 | Create | Villager (Male) |
| 14:48 | Build | Farm |
| 14:48 | Build | Farm |
| 14:49 | Build | Farm |
| 14:49 | Build | Farm |
| 14:49 | Build | Farm |
| 14:49 | Build | Farm |
| 14:50 | Research | Double-Bit Axe |
| 14:52 | Create | Villager (Male) |
| 14:57 | Create | Villager (Male) |
| 14:58 | Build | House |
| 15:04 | Build | Palisade Wall |
| 15:07 | Build | House |
| 15:08 | Build | Palisade Wall |
| 15:16 | Create | Villager (Male) |
| 15:16 | Create | Villager (Male) |
| 15:27 | Create | Skirmisher |
| 15:31 | Create | Spearman |
| 15:32 | Create | Spearman |
| 15:34 | Create | Skirmisher |
| 15:35 | Create | Villager (Male) |
| 15:42 | Research | Horse Collar |
| 15:42 | Research | Horse Collar |
| 15:54 | Create | Villager (Male) |
| 15:56 | Build | Archery Range |
| 15:56 | Create | Villager (Male) |
| 15:59 | Build | Palisade Wall |
| 16:00 | Build | Palisade Wall |
| 16:02 | Create | Villager (Male) |
| 16:08 | Build | Palisade Wall |
| 16:13 | Build | Palisade Wall |
| 16:18 | Build | Palisade Wall |
| 16:19 | Create | Villager (Male) |
| 16:38 | Create | Villager (Male) |
| 16:41 | Build | Farm |
| 16:43 | Build | Farm |
| 16:43 | Create | Villager (Male) |
| 16:48 | Build | House |
| 16:50 | Create | Skirmisher |
| 16:50 | Create | Skirmisher |
| 17:15 | Build | Mining Camp |
| 17:24 | Build | Mining Camp |
| 17:29 | Create | Villager (Male) |
| 17:30 | Create | Villager (Male) |
| 17:35 | Create | Villager (Male) |
| 17:38 | Create | Villager (Male) |
| 17:47 | Build | Palisade Wall |
| 17:56 | Build | Palisade Wall |
| 17:58 | Build | Palisade Wall |
| 18:00 | Build | Palisade Wall |
| 18:05 | Build | Palisade Wall |
| 18:06 | Create | Villager (Male) |
| 18:10 | Create | Villager (Male) |
| 18:17 | Create | Villager (Male) |
| 18:31 | Create | Villager (Male) |
| 18:36 | Build | Blacksmith |
| 18:42 | Build | Farm |
| 18:50 | Build | House |
| 18:53 | Create | Villager (Male) |
| 19:00 | Build | Farm |
| 19:23 | Build | Farm |
| 19:40 | Build | Farm |
| 19:42 | Build | Farm |
| 19:42 | Build | Farm |
| 19:53 | Research | Castle Age |
Match timeline
| 3:32 | Dragon · wall_segment Palisade Wall x4 |
| 4:06 | [R1] Pume · wall_segment Palisade Wall x1 |
| 4:11 | [R1] Pume · wall_segment Palisade Wall x1 |
| 4:45 | kw · wall_segment Palisade Wall x1 |
| 5:13 | Oni.TaToH · first_building Barracks |
| 7:19 | [R1] PoXoLo · first_building Barracks |
| 7:38 | 04py · first_building Barracks |
| 7:45 | GKT_Cloud · first_building Barracks |
| 7:49 | Dragon · first_building Barracks |
| 7:55 | [R1] 12Tirador · first_building Barracks |
| 7:59 | kw · first_building Barracks |
| 8:51 | GKT_Cloud · age_up feudal |
| 8:51 | 04py · age_up feudal |
| 8:58 | GKT_Cloud · first_building Archery Range |
| 8:59 | 04py · first_building Archery Range |
| 9:01 | [R1] PoXoLo · age_up feudal |
| 9:02 | Dragon · age_up feudal |
| 9:04 | [R1] PoXoLo · first_building Stable |
| 9:06 | Dragon · first_building Stable |
| 9:11 | [R1] Pume · first_building Barracks |
| 9:18 | kw · age_up feudal |
| 9:21 | [R1] 12Tirador · age_up feudal |
| 9:24 | GKT_Cloud · wall_segment Palisade Wall x1 |
| 9:26 | [R1] 12Tirador · first_building Archery Range |
| 9:31 | kw · first_building Stable |
| 9:36 | [R1] Pume · wall_segment Palisade Wall x1 |
| 9:38 | [R1] Pume · wall_segment Palisade Wall x1 |
| 9:49 | Oni.TaToH · age_up feudal |
| 9:53 | [R1] Pume · age_up feudal |
| 9:56 | [R1] Pume · first_building Archery Range |
| 10:59 | kw · wall_segment Palisade Wall x3 |
| 11:00 | kw · wall_segment Palisade Wall x7 |
| 11:38 | [R1] PoXoLo · wall_segment Palisade Wall x3 |
| 11:39 | [R1] PoXoLo · wall_segment Palisade Wall x1 |
| 11:40 | [R1] PoXoLo · wall_segment Palisade Wall x1 |
| 12:22 | [R1] Pume · wall_segment Palisade Wall x4 |
| 12:46 | GKT_Cloud · wall_segment Palisade Wall x1 |
| 12:47 | kw · wall_segment Palisade Wall x1 |
| 13:28 | [R1] Pume · wall_segment Palisade Wall x1 |
| 13:28 | 04py · wall_segment Palisade Wall x1 |
| 13:29 | [R1] Pume · wall_segment Palisade Wall x1 |
| 13:32 | [R1] Pume · wall_segment Palisade Wall x1 |
| 13:36 | [R1] Pume · wall_segment Palisade Wall x1 |
| 13:37 | [R1] Pume · wall_segment Palisade Wall x1 |
| 13:38 | [R1] Pume · wall_segment Palisade Wall x2 |
| 13:42 | kw · wall_segment Palisade Wall x1 |
| 13:42 | [R1] Pume · wall_segment Palisade Wall x1 |
| 13:43 | kw · wall_segment Palisade Wall x9 |
| 13:45 | Oni.TaToH · wall_segment Palisade Wall x12 |
| 13:48 | 04py · wall_segment Palisade Wall x7 |
| 13:53 | Oni.TaToH · wall_segment Palisade Wall x21 |
| 13:56 | Oni.TaToH · wall_segment Palisade Wall x3 |
| 13:58 | [R1] PoXoLo · wall_segment Palisade Wall x6 |
| 14:03 | 04py · wall_segment Palisade Wall x9 |
| 14:11 | [R1] 12Tirador · wall_segment Palisade Wall x1 |
| 14:11 | [R1] 12Tirador · wall_segment Palisade Wall x1 |
| 14:19 | 04py · wall_segment Palisade Wall x1 |
| 14:19 | [R1] Pume · wall_segment Palisade Wall x5 |
| 14:24 | 04py · wall_segment Palisade Wall x1 |
| 14:26 | kw · wall_segment Palisade Wall x10 |
| 14:41 | Dragon · wall_segment Palisade Wall x7 |
| 14:50 | Dragon · wall_segment Palisade Wall x6 |
| 14:52 | [R1] PoXoLo · wall_segment Palisade Wall x1 |
| 14:52 | [R1] Pume · wall_segment Palisade Wall x1 |
| 14:53 | [R1] Pume · wall_segment Palisade Wall x1 |
| 14:53 | [R1] Pume · wall_segment Palisade Wall x1 |
| 14:53 | [R1] PoXoLo · wall_segment Palisade Wall x1 |
| 14:57 | Oni.TaToH · wall_segment Palisade Wall x6 |
| 15:00 | Oni.TaToH · wall_segment Palisade Wall x5 |
| 15:00 | Dragon · wall_segment Palisade Wall x5 |
| 15:04 | [R1] 12Tirador · wall_segment Palisade Wall x1 |
| 15:08 | [R1] 12Tirador · wall_segment Palisade Wall x3 |
| 15:59 | [R1] 12Tirador · wall_segment Palisade Wall x4 |
| 16:00 | [R1] 12Tirador · wall_segment Palisade Wall x6 |
| 16:08 | [R1] 12Tirador · wall_segment Palisade Wall x1 |
| 16:13 | [R1] 12Tirador · wall_segment Palisade Wall x5 |
| 16:16 | [R1] PoXoLo · wall_segment Palisade Wall x12 |
| 16:18 | [R1] 12Tirador · wall_segment Palisade Wall x15 |
| 16:22 | [R1] PoXoLo · wall_segment Palisade Wall x16 |
| 16:34 | kw · wall_segment Palisade Wall x9 |
| 16:39 | [R1] PoXoLo · wall_segment Palisade Wall x11 |
| 16:50 | Oni.TaToH · first_building Archery Range |
| 16:56 | kw · wall_segment Palisade Wall x16 |
| 16:57 | kw · wall_segment Palisade Wall x4 |
| 17:08 | Dragon · wall_segment Palisade Wall x4 |
| 17:12 | [R1] Pume · wall_segment Palisade Wall x12 |
| 17:16 | [R1] Pume · wall_segment Palisade Wall x8 |
| 17:19 | Dragon · first_market_sell 100 food |
| 17:26 | [R1] Pume · wall_segment Palisade Wall x9 |
| 17:27 | [R1] Pume · wall_segment Palisade Wall x6 |
| 17:35 | Dragon · wall_segment Palisade Wall x9 |
| 17:41 | [R1] PoXoLo · wall_segment Palisade Wall x4 |
| 17:47 | [R1] 12Tirador · wall_segment Palisade Wall x7 |
| 17:51 | GKT_Cloud · wall_segment Palisade Wall x8 |
| 17:56 | [R1] 12Tirador · wall_segment Palisade Wall x7 |
| 17:58 | [R1] 12Tirador · wall_segment Palisade Wall x4 |
| 18:00 | [R1] 12Tirador · wall_segment Palisade Wall x8 |
| 18:05 | [R1] 12Tirador · wall_segment Palisade Wall x7 |
| 18:20 | [R1] PoXoLo · wall_segment Palisade Wall x12 |
| 18:41 | [R1] PoXoLo · wall_segment Palisade Wall x1 |
| 19:23 | [R1] Pume · wall_segment Palisade Wall x1 |
| 19:44 | Oni.TaToH · first_market_buy 500 food |
| 20:00 | GKT_Cloud · first_market_buy 100 food |
| 20:01 | [R1] PoXoLo · wall_segment Palisade Wall x1 |
| 20:02 | [R1] PoXoLo · wall_segment Palisade Wall x1 |
| 20:07 | [R1] Pume · first_market_buy 100 food |
| 20:14 | [R1] Pume · wall_segment Palisade Wall x1 |
| 21:02 | kw · first_market_buy 100 food |
| 21:15 | Dragon · age_up castle |
| 21:50 | [R1] 12Tirador · wall_segment Palisade Wall x6 |
| 21:52 | Oni.TaToH · wall_segment Palisade Wall x1 |
| 22:33 | [R1] 12Tirador · age_up castle |
| 22:44 | [R1] 12Tirador · first_market_sell 100 stone |
| 22:45 | [R1] 12Tirador · first_market_buy 100 wood |
| 22:48 | [R1] Pume · age_up castle |
| 22:49 | GKT_Cloud · age_up castle |
| 22:56 | Oni.TaToH · first_building Stable |
| 23:28 | kw · age_up castle |
| 23:39 | [R1] Pume · first_market_sell 100 stone |
| 23:55 | [R1] PoXoLo · age_up castle |
| 24:01 | [R1] PoXoLo · first_market_buy 100 food |
| 24:10 | 04py · age_up castle |
| 24:18 | Oni.TaToH · age_up castle |
| 26:41 | GKT_Cloud · wall_segment Palisade Wall x1 |
| 28:09 | kw · wall_segment Palisade Wall x1 |
| 28:52 | [R1] PoXoLo · wall_segment Palisade Wall x1 |
| 28:53 | [R1] PoXoLo · wall_segment Palisade Wall x1 |
| 28:54 | [R1] PoXoLo · wall_segment Palisade Wall x1 |
| 29:11 | GKT_Cloud · wall_segment Stone Wall x10 |
| 29:16 | GKT_Cloud · wall_segment Stone Wall x1 |
| 29:33 | GKT_Cloud · wall_segment Stone Wall x6 |
| 29:48 | GKT_Cloud · wall_segment Stone Wall x1 |
| 29:49 | [R1] PoXoLo · first_market_sell 100 wood |
| 31:07 | Dragon · wall_segment Palisade Wall x2 |
| 31:35 | GKT_Cloud · first_building Castle |
| 31:37 | [R1] Pume · wall_segment Palisade Wall x1 |
| 31:38 | [R1] Pume · wall_segment Palisade Wall x1 |
| 31:59 | [R1] 12Tirador · first_building Stable |
| 33:03 | kw · wall_segment Palisade Wall x1 |
| 33:37 | [R1] 12Tirador · first_building Castle |
| 33:39 | Oni.TaToH · first_building Siege Workshop |
| 33:41 | Oni.TaToH · first_market_sell 100 food |
| 33:42 | [R1] Pume · wall_segment Stone Wall x1 |
| 34:01 | kw · wall_segment Stone Wall x1 |
| 34:37 | Dragon · first_building Monastery |
| 34:50 | GKT_Cloud · first_building Siege Workshop |
| 34:53 | Dragon · first_building Archery Range |
| 34:57 | [R1] Pume · first_building Monastery |
| 35:07 | 04py · wall_segment Palisade Wall x1 |
| 35:20 | kw · wall_segment Stone Wall x1 |
| 35:28 | GKT_Cloud · first_market_sell 100 wood |
| 35:53 | kw · wall_segment Stone Wall x1 |
| 35:54 | kw · wall_segment Stone Wall x1 |
| 36:12 | Oni.TaToH · first_building Castle |
| 36:28 | 04py · first_market_sell 500 food |
| 36:28 | Dragon · wall_segment Stone Wall x11 |
| 36:33 | Dragon · wall_segment Stone Wall x9 |
| 36:53 | 04py · first_building Monastery |
| 37:12 | [R1] PoXoLo · first_building Monastery |
| 37:35 | [R1] 12Tirador · wall_segment Stone Wall x2 |
| 37:39 | [R1] 12Tirador · wall_segment Stone Wall x4 |
| 37:44 | [R1] 12Tirador · wall_segment Stone Wall x6 |
| 37:49 | [R1] 12Tirador · wall_segment Palisade Wall x1 |
| 38:17 | Oni.TaToH · age_up imperial |
| 38:21 | [R1] 12Tirador · wall_segment Palisade Wall x1 |
| 38:58 | [R1] 12Tirador · wall_segment Palisade Wall x1 |
| 39:19 | Dragon · age_up imperial |
| 39:21 | [R1] PoXoLo · wall_segment Palisade Wall x1 |
| 39:23 | [R1] PoXoLo · wall_segment Palisade Wall x1 |
| 39:26 | [R1] PoXoLo · wall_segment Palisade Wall x1 |
| 39:28 | [R1] Pume · age_up imperial |
| 39:28 | [R1] PoXoLo · wall_segment Palisade Wall x1 |
| 39:29 | [R1] PoXoLo · wall_segment Palisade Wall x1 |
| 39:42 | Dragon · first_building Castle |
| 39:51 | [R1] PoXoLo · first_building Castle |
| 40:05 | [R1] 12Tirador · age_up imperial |
| 40:07 | kw · wall_segment Stone Wall x1 |
| 40:30 | [R1] Pume · first_building Castle |
| 40:50 | 04py · first_building Siege Workshop |
| 40:56 | 04py · age_up imperial |
| 41:12 | [R1] PoXoLo · age_up imperial |
| 41:16 | 04py · first_building Castle |
| 41:51 | GKT_Cloud · resign |
[ AI ANALYSIS · 1 CREDIT ]
What really happened in this match?
Wolo.gg analyzes every decision: build order, eco, micro, common mistakes by bracket. Personalized analysis on WhatsApp or Discord in 30 seconds.
Civ guide
Burgundians
Perfil
Jugador #372422